 Dungeon Crawl Stone Soup version 0.31.0-32-g396128a36d (webtiles) character file.

Game seed: 12544154068419261632

3 PaiMei the Grave Robber (level 1, 0/13 HPs)
             Began as a Demonspawn Necromancer on Apr 3, 2024.
             Frozen to death by an endoplasm (3 damage)
             ... on level 1 of the Dungeon.
             The game lasted 00:00:13 (94 turns).

PaiMei the Grave Robber (Demonspawn Necromancer)      Turns: 94, Time: 00:00:14

Health: 0/13       AC:  2    Str:  8    XL:     1   Next: 41%
Magic:  0/3        EV: 12    Int: 15    God:
Gold:   0          SH:  0    Dex: 13    Spells: 3/4 levels left

rFire   . . .        e - +0 falchion
rCold   . . .        (no shield)
rNeg    . . .        a - +0 robe
rPois   .            (no helmet)
rElec   .            (no cloak)
rCorr   .            (no gloves)
SInv    .            (no boots)
Will    .....        (no amulet)
Stlth   ++           (no ring)
HPRegen 0.22/turn    (no ring)
MPRegen 0.08/turn

%: no passive effects
@: no status effects
A: no striking features
a: no special abilities


You were on level 1 of the Dungeon.
You visited 1 branch of the dungeon, and saw 1 of its levels.

Inventory:

Hand Weapons
 e - a +0 falchion (weapon)
Armour
 a - a +0 robe (worn)
Scrolls
 d - a scroll of enchant weapon {unknown}
Potions
 b - a potion of magic
 c - a potion of ambrosia {unknown}


   Skills:
 + Level 1.8 Dodging
 + Level 1.8 Stealth
 + Level 2.0 Spellcasting
 + Level 4.4 Necromancy


You had 3 spell levels left.
You knew the following spells:

 Your Spells              Type           Power      Damage    Failure   Level
a - Necrotise             Necr           56%        1d6       3%          1

Your spell library contained the following spells:

 Spells                   Type           Power      Damage    Failure   Level
 Vampiric Draining        Necr           14%        2d7       11%         3
 Animate Dead             Necr           14%        N/A       34%         4
 Curse of Agony           Necr           14%        N/A       69%         5


Dungeon Overview and Level Annotations

Branches:
Dungeon (1/15)

Altars:


Message History

Found a scroll labelled IMOTEIM DUXT.
The quokka barely misses you.
You see here a +0 falchion.
e - a +0 falchion (weapon)
The rat squeaks loudly.
You hear a shout!
The kobold shouts!
Casting: Necrotise (safe; 3% risk of failure)
Confirm with . or Enter, or press ? or * to list all spells.
Aiming: Necrotise (safe; 3% risk of failure)
Press: ? - help, Shift-Dir - straight line, f - quokka
Aim: a quokka (chance to affect: 84%)
The quokka writhes in agony.
The endoplasm quivers.
The quokka barely misses you. x2
The quokka barely misses you.
The kobold throws a stone.
The stone hits you.
The quokka twitches its whiskers.
The quokka attacks as it pursues you! The quokka closely misses you.
Casting: Necrotise (safe; 3% risk of failure)
Confirm with . or Enter, or press ? or * to list all spells.
Aiming: Necrotise (safe; 3% risk of failure)
Press: ? - help, Shift-Dir - straight line, f/p - quokka
Aim: a quokka (severely wounded, chance to affect: 84%)
The quokka writhes in agony.
You kill the quokka!
The dead are hopping!
The kobold throws a stone.
The stone barely misses you. The endoplasm freezes you.
You are frozen.
The endoplasm freezes you.
You are frozen.
The rat attacks as it pursues you! The rat closely misses you.
Casting: Necrotise (safe; 3% risk of failure)
Confirm with . or Enter, or press ? or * to list all spells.
Aiming: Necrotise (safe; 3% risk of failure)
Press: ? - help, Shift-Dir - straight line, f - endoplasm
Aim: an endoplasm (chance to affect: 84%)
The endoplasm barely resists.
Something hits your quokka skeleton. The endoplasm barely misses you.
The rat bites you.
* * * LOW HITPOINT WARNING * * *
The endoplasm freezes you.
You are frozen.
You die...

#...#..........
#..#....K.....
###.?.....J....#
...............#
#.....J.....#
#...##Z####.# #...
#r## #.. #J.# #.
##@# #.
###.######### #
.##............
.....####..######
.......###.### ...
...#.#.......###.#
..............>..###
# ##.#####..........
##.###..## ####


You could see 2 endoplasms, a rat and a friendly quokka skeleton.

Vanquished Creatures
  An endoplasm (D:1)
  A quokka (D:1)
  A frilled lizard (D:1)
3 creatures vanquished.

Notes
Turn   | Place    | Note
-------+----------+-------------------------------------------
     0 | D:1      | PaiMei the Demonspawn Necromancer began the quest for the
                  | Orb.
     0 | D:1      | Reached XP level 1. HP: 13/13 MP: 3/3
    94 | D:1      | Frozen to death by an endoplasm

Illustrated notes

Levels and vault maps discovered:
D:1:      minmay_arrival_stair_chambers, layout_rooms, serial_shops, shop

Action                     || total
---------------------------++-------
  Melee: Unarmed           ||     4
   Cast: Necrotise         ||     6
 Armour: Robe              ||     3
  Dodge: Dodged            ||     9
